 Dungeon Crawl Stone Soup version 0.29-a0-25-g7f48f510a0 (webtiles) character file.

Game seed: 1148770261844286406

161 Sabo the Conjurer (level 5, 0/31 HPs)
             Began as an Octopode Conjurer on Feb 1, 2022.
             Slain by Robin (12 damage)
             ... on level 3 of the Dungeon.
             The game lasted 00:17:19 (3777 turns).

Sabo the Conjurer (Octopode Conjurer)               Turns: 3777, Time: 00:17:23

Health: 0/31       AC:  1    Str:  7    XL:     5   Next: 42%
Magic:  2/9        EV: 13    Int: 22    God:
Gold:   117        SH:  0    Dex: 10    Spells: 8/9 levels left

rFire   . . .      SeeInvis .   c - staff of conjuration
rCold   + . .      Faith    .   (no shield)
rNeg    . . .      Spirit   .   (helmet restricted)
rPois   +          Reflect  .   (no amulet)
rElec   .          Harm     .   j - ring of poison resistance
rCorr   .          Rampage  .   p - ring of protection from cold
Will    .....                   (no ring)
Stlth   +++.......              (no ring)
HPRegen 0.10/turn               (no ring)
MPRegen 0.11/turn               (no ring)
                                (no ring)
                                (no ring)

@: no status effects
A: almost no armour, amphibious, 8 rings, camouflage 1, gelatinous body 1,
(nimble swimmer 1), tentacles
a: no special abilities


You were on level 3 of the Dungeon.
You visited 1 branch of the dungeon, and saw 3 of its levels.

You collected 117 gold pieces.

Inventory:

Hand Weapons
 b - a +1 short sword
Missiles
 g - 26 bolts
Magical Staves
 c - a staff of conjuration (weapon)
Jewellery
 j - a ring of poison resistance (left tentacle)
 m - a ring of ice
 p - a ring of protection from cold (right tentacle)
Scrolls
 a - a scroll of summoning
 d - 2 scrolls of enchant weapon
 e - a scroll of immolation {unknown}
 f - a scroll of enchant armour
 k - 3 scrolls of identify {unknown}
 n - a scroll of acquirement {unknown}
Potions
 h - a potion of brilliance {unknown}
 i - a potion of might
 l - a potion of attraction {unknown}
 o - 2 potions of flight {unknown}


   Skills:
 + Level 0.1 Fighting
 + Level 1.1 Staves
 + Level 2.4 Dodging
 + Level 3.3 Stealth
 + Level 2.6 Spellcasting
 + Level 5.6 Conjurations


You had 8 spell levels left.
You knew the following spells:

 Your Spells              Type           Power      Damage    Failure   Level
a - Magic Dart            Conj           100%       1d8       1%          1

Your spell library contained the following spells:

 Spells                   Type           Power      Damage    Failure   Level
 Searing Ray              Conj           82%        2d7       1%          2
 Dazzling Flash           Conj/Hex       44%        N/A       12%         3
 Fulminant Prism          Conj/Hex       11%        3d9       38%         4
 Iskenderun's Mystic Bla  Conj/Tloc      22%        2d6       38%         4


Dungeon Overview and Level Annotations

Branches:
Dungeon (3/15)

Altars:

Annotations:
D:3 Robin


Innate Abilities, Weirdness & Mutations

You cannot wear most types of armour.
You are amphibious.
You can wear up to eight rings at the same time.
Your skin changes colour to match your surroundings (Stealth+).
Your rubbery body absorbs attacks. (AC +1, EV +1)
((You are camouflaged when in or above water. (Stealth+)))
You have tentacles for arms and can constrict up to eight enemies at once.


Message History

You hit Robin but do no damage. Your grab misses Robin.
A goblin comes into view. It is wielding a +1 vampiric dagger.
Robin hits you with a +0 mace.
Casting: Magic Dart (safe; 1% risk of failure)
Confirm with . or Enter, or press ? or * to list all spells.
Aiming: Magic Dart (safe; 1% risk of failure)
Press: ? - help, Shift-Dir - straight line, f - Robin
Aim: Robin, wielding a +0 mace, wearing a +0 animal skin and wearing a +0 helmet (100% to hit)
You feel a surge of power!
The magic dart hits Robin.
Robin is lightly wounded.
Robin drinks a potion.
Robin seems to grow stronger.
Unknown command.
Casting: Magic Dart (safe; 1% risk of failure)
Confirm with . or Enter, or press ? or * to list all spells.
Aiming: Magic Dart (safe; 1% risk of failure)
Press: ? - help, Shift-Dir - straight line, f/p - Robin
Aim: Robin, wielding a +0 mace, wearing a +0 animal skin and wearing a +0 helmet (lightly wounded, strong, 100% to hit)
You feel a surge of power!
The magic dart hits Robin.
Robin is heavily wounded.
Robin hits you with a +0 mace!
Unknown command.
Casting: Magic Dart (safe; 1% risk of failure)
Confirm with . or Enter, or press ? or * to list all spells.
Aiming: Magic Dart (safe; 1% risk of failure)
Press: ? - help, Shift-Dir - straight line, f/p - Robin
Aim: Robin, wielding a +0 mace, wearing a +0 animal skin and wearing a +0 helmet (heavily wounded, strong, 100% to hit)
You feel a surge of power!
The magic dart hits Robin.
Robin is severely wounded.
Robin misses you.
Unknown command.
Unknown command.
Casting: Magic Dart (safe; 1% risk of failure)
Confirm with . or Enter, or press ? or * to list all spells.
Aiming: Magic Dart (safe; 1% risk of failure)
Press: ? - help, Shift-Dir - straight line, f/p - Robin
Aim: Robin, wielding a +0 mace, wearing a +0 animal skin and wearing a +0 helmet (severely wounded, strong, 100% to hit)
You feel a surge of power!
The magic dart hits Robin.
Robin is almost dead.
Robin hits you with a +0 mace!
You die...

#...#.###.#.#
#####.....#.#
####..#.#
######..#.#
gg.g...g#.#
#######g#.#
#g#.# #g#.#
#@#.# #.#.#
#.#.# #.#.#
#.#.# #.#.#
#.#.# #.#.#
#.#.#


You could see Robin (strong), 2 hobgoblins and a goblin (strong).

Vanquished Creatures
  Natasha (thrice) (D:2)
  3 adders (D:2)
  A dart slug (D:1)
  5 endoplasms
  3 giant cockroaches
  5 goblins
  8 hobgoblins
  5 kobolds
  4 quokkas
  5 ball pythons
  8 bats
  3 frilled lizards (D:2)
  8 rats
61 creatures vanquished.

Vanquished Creatures (others)
  3 plants (D:1)
3 creatures vanquished.

Grand Total: 64 creatures vanquished

Notes
Turn   | Place    | Note
-------+----------+-------------------------------------------
     0 | D:1      | Sabo the Octopode Conjurer began the quest for the Orb.
     0 | D:1      | Reached XP level 1. HP: 11/11 MP: 3/3
   287 | D:1      | Reached XP level 2. HP: 16/17 MP: 5/5
   858 | D:2      | Reached XP level 3. HP: 21/21 MP: 3/6
  1505 | D:2      | Noticed Natasha
  1508 | D:2      | Killed Natasha
  1568 | D:2      | Reached XP level 4. HP: 26/27 MP: 4/7
  1631 | D:2      | Noticed Natasha
  1633 | D:2      | Reached skill level 5 in Conjurations
  1636 | D:2      | Killed Natasha
  1854 | D:2      | Noticed Natasha
  1862 | D:2      | Killed Natasha
  1863 | D:2      | Reached XP level 5. HP: 20/31 MP: 3/8
  2398 | D:2      | Reached skill level 1 in Staves
  3759 | D:3      | Noticed Robin
  3777 | D:3      | Slain by Robin

Illustrated notes

Levels and vault maps discovered:
D:1:      dpeg_arrival_arbitrary_c, layout_rooms, serial_bayou_lagoon_a
D:2:      layout_basic, st_stairs_10, minmay_quadrilaterals, uniq_natasha
D:3:      layout_basic, minmay_misc_feat_tower, minmay_parallelograms,
          uniq_robin

Skill      XL: |  1  2  3  4  5 |
---------------+----------------+-----
Stealth        | 3 |  3.3
Conjurations   | 5 |  5.6
Staves         | 1 |  1.1
Fighting       | |  0.1
Dodging        | |  2.4
Spellcasting   | |  2.6

Action                   |  1- 3 |  4- 6 || total
-------------------------+-------+-------++-------
Melee: Staff             |    10 |    30 ||    40
       Constrict         |     6 |     6 ||    12
       Tentacles         |     4 |     4 ||     8
       Punch             |       |     1 ||     1
 Cast: Magic Dart        |    48 |    56 ||   104
  Use: Scroll            |     1 |     2 ||     3
 Stab: Sleeping          |     1 |       ||     1
Armor: Skin              |     1 |     2 ||     3
Dodge: Dodged            |     5 |    29 ||    34

Table legend: (Time is in decaauts)
 A = Elapsed time spent in this place.
 B = Non-inter-level travel time spent in this place.
 C = Inter-level travel time spent in this place.
 D = Time resting spent in this place.
 E = Time spent auto-exploring this place.
 F = Levels seen in this place.
 G = Mean time per level.
                   A        B        C        D        E       F      G
               +--------+--------+--------+--------+--------+-----+--------+
         Total |   3781 |   3781 |      0 |   1297 |      0 |   3 | 1260.3 |
       Dungeon |   3781 |   3781 |      0 |   1297 |      0 |   3 | 1260.3 |
               +--------+--------+--------+--------+--------+-----+--------+

Top non-repeatable levels by time:
     D:2: 2074 daAuts
     D:1: 855 daAuts
     D:3: 851 daAuts
